 Dungeon Crawl Stone Soup version 0.31.0-32-g396128a36d (webtiles) character file.

Game seed: 13925367453891913468

31871 Curundu the Severer (level 13, -3/183 HPs)
             Began as a Minotaur Berserker on Apr 21, 2024.
             Was a High Priest of Trog.
             Killed from afar by an efreet (21 damage)
             ... with a fireball
             ... on level 14 of the Dungeon.
             The game lasted 00:40:47 (11959 turns).

Curundu the Severer (Minotaur Berserker)           Turns: 11959, Time: 00:40:47

Health: -3/183     AC: 27    Str: 34    XL:     13   Next: 28%
Magic:  21/21      EV: 10    Int:  8    God:    Trog [*****.]
Gold:   2060       SH: 12    Dex: 14    Spells: 12/12 levels left

rFire   . . .        K - +4 scimitar (flame)
rCold   . . .        H - +2 kite shield
rNeg    . . .        d - +5 plate armour "Biughoim" {-Tele rElec Will- Regen+}
rPois   .            k - +2 hat
rElec   +            z - +0 cloak
rCorr   +            e - +0 pair of gloves
SInv    .            j - +0 pair of boots
Will    .....        (no amulet) Stlth
                     q - ring of Qouce {rCorr MP+9 Str+3 Dex+3}
HPRegen 1.30/turn    o - ring of Tipuheq {Will+ Str+5 Int+4 Slay+5}
MPRegen 0.17/turn

%: no teleportation
@: berserking, studying Unarmed Combat, very quick
A: horns 2, retaliatory headbutt
a: Renounce Religion, Berserk, Trog's Hand, Brothers in Arms


You were on level 14 of the Dungeon.
You worshipped Trog.
Trog was extremely pleased with you.
You visited 1 branch of the dungeon, and saw 14 of its levels.
You also visited: Sewer.

You collected 2224 gold pieces.
You spent 164 gold pieces at shops.

Inventory:

Hand Weapons
 J - a +4 heavy broad axe
 K - a +4 scimitar of flaming (weapon)
Missiles
 c - 13 boomerangs (quivered)
 v - 2 silver javelins
Armour
 d - the +5 plate armour "Biughoim" (worn) {-Tele rElec Will- Regen+}
   (You acquired it on level 7 of the Dungeon)

   rElec:     It insulates you from electricity.
   Will-:     It decreases your willpower.
   -Tele:     It prevents most forms of teleportation.
   Regen+:    It increases your rate of health regeneration.
 e - a +0 pair of gloves (worn)
 j - a +0 pair of boots (worn)
 k - a +2 hat (worn)
 z - a +0 cloak (worn)
 H - a +2 kite shield (worn)
Jewellery
 m - a ring of protection from cold
 o - the ring of Tipuheq (right hand) {Will+ Str+5 Int+4 Slay+5}
   (You found it on level 9 of the Dungeon)

   [ring of willpower]

   Str+5:     It affects your strength (+5).
   Int+4:     It affects your intelligence (+4).
   Slay+5:    It affects your accuracy & damage with ranged weapons and melee
   (+5).
   Will+:     It increases your willpower.
 p - a ring of resist corrosion
 q - the ring of Qouce (left hand) {rCorr MP+9 Str+3 Dex+3}
   (You found it on level 3 of the Dungeon)

   [ring of magical power]

   Str+3:     It affects your strength (+3).
   Dex+3:     It affects your dexterity (+3).
   MP+9:      It affects your magic capacity (+9).
   rCorr:     It protects you from acid and corrosion.
 x - a +5 ring of evasion
 y - a ring of protection from fire
Wands
 f - a wand of mindburst (19)
 t - a wand of charming (16)
 w - a wand of quicksilver (13)
 E - a wand of flame (17)
 G - a wand of digging (11)
Scrolls
 l - a scroll of identify
 n - 2 scrolls of blinking
 s - 6 scrolls of teleportation
 B - 3 scrolls of fog
 C - 3 scrolls of poison
 D - 2 scrolls of fear
Potions
 a - a potion of lignification
 b - 2 potions of resistance
 g - 2 potions of might
 h - 4 potions of haste
 i - 9 potions of mutation
 r - 5 potions of curing
 u - 2 potions of enlightenment
 A - a potion of berserk rage
 F - 2 potions of heal wounds
 I - a potion of magic


   Skills:
 * Level 13.5 Fighting
 + Level 0.3 Long Blades
 + Level 17.4 Axes
 + Level 1.2 Throwing
 + Level 13.4 Armour
 + Level 5.1 Dodging
 - Level 2.1 Stealth
 * Level 7.6 Shields
 + Level 1.9 Evocations


You had 12 spell levels left.
You didn't know any spells.
Your spell library was empty.

Dungeon Overview and Level Annotations

Branches:
Dungeon (14/15)            Temple (0/1) D:4            Lair (0/5) D:9
    Orc (0/2) D:9          Vaults (0/5) D:14          Sewer (visited)

Altars:
Elyvilon
Gozag
Hepliaklqana
Kikubaaqudgha
Qazlal
Ru
Wu Jian
Xom
Zin

Shops:
D:7 [   D:11 *


Innate Abilities, Weirdness & Mutations

You have a pair of horns on your head.
You reflexively headbutt those who attack you in melee.


Message History

A red film seems to cover your vision as you go berserk!
You feel yourself moving faster!
You feel mighty! The four-headed hydra bites you.
* * * LOW HITPOINT WARNING * * *
The four-headed hydra bites you.
* * * LOW HITPOINT WARNING * * *
You block the four-headed hydra's attack.
The four-headed hydra bites you.
* * * LOW HITPOINT WARNING * * *
The efreet gestures at you. The bolt of fire hits you!!
* * * LOW HITPOINT WARNING * * *
Unknown command.
You hack one of the four-headed hydra's heads off!
The flame cauterises the wound!
You slash the three-headed hydra! You burn the three-headed hydra.
The three-headed hydra is almost dead.
The three-headed hydra bites you but does no damage.
You block the three-headed hydra's attack.
The three-headed hydra bites you but does no damage.
The efreet closely misses you. You furiously retaliate!
You headbutt the efreet!!
You slice one of the three-headed hydra's heads off!
The flame cauterises the wound!
You slice the two-headed hydra!! You burn the two-headed hydra.
You feel the power of Trog in you as your rage grows.
You kill the two-headed hydra!
Trog accepts your kill. The efreet gestures at you.
The fireball explodes!
The fireball engulfs you.
* * * LOW HITPOINT WARNING * * *
The fireball engulfs the efreet.
The efreet completely resists.
You slash the efreet!
The efreet is almost dead.
You block the efreet's attack.
You hit the efreet.
The efreet is almost dead.
The efreet gestures at you.
The fireball explodes!
The fireball engulfs you!!
You die...

##### ....### ....+.#
######+ ### ....#.#
#...##.#..#
....#.####...##.:..#
....#....#...##....#
....####.....# ....# #
....# ###...# #†R# ##.
....# #...###@'## #..
....# #.........# #.#
....# #.........# #.#
....# #.........# #.#
'#### ####.###### #.# .#
#..# ##'######### ##
#####.###### #...........
###
#..........####.......†...
..###
#..........##.'......(..<.


You could see an efreet.

Vanquished Creatures
  A hydra (D:14)
  8 vault guards (D:14)
  A boulder beetle (D:8)
  A catoblepas (D:13)
  A centaur warrior (D:13)
  3 two-headed ogres
  A tengu warrior (D:8)
  4 skeletal warriors (D:13)
  Lodul (D:13)
  A cyclops (D:14)
  6 ugly things (D:14)
  2 manticores
  A gargoyle (D:10)
  An unseen horror (D:12)
  4 kobold demonologists (D:10)
  An efreet (D:14)
  A queen bee (D:11)
  2 trolls (D:11)
  A tarantella (shapeshifter) (D:14)
  A centaur simulacrum (D:14)
  13 slime creatures
  A vampire (D:11)
  2 wraiths (D:11)
  2 shadows
  3 wyverns (D:9)
  20 yaks
  A basilisk (D:13)
  A steam dragon (D:8)
  4 vampire mosquitoes (D:12)
  Menkaure (D:6)
  2 acid dragons
  2 water moccasins (D:9)
  2 orc warriors
  A sky beast (shapeshifter) (D:13)
  2 black bears (D:6)
  4 ice beasts
  A sky beast (D:8)
  9 ogres
  8 centaurs
  A phantom (D:5)
  6 kobold brigands
  3 scorpions
  4 bullfrogs
  2 gnoll sergeants
  A wight (D:8)
  31 killer bees
  A howler monkey (D:5)
  A bombardier beetle (D:5)
  A gnoll bouda (D:5)
  An orc priest (D:8)
  5 hounds
  7 iguanas
  3 jellies
  Ijyb (D:3)
  8 orc wizards
  Robin (D:3)
  15 gnolls
  5 river rats
  9 adders
  A white imp (D:8)
  3 dart slugs
  2 ribbon worms
  33 orcs
  9 ball pythons
  5 endoplasms
  5 giant cockroaches
  15 goblins
  12 hobgoblins
  8 jackals
  21 kobolds
  11 quokkas
  9 bats
  7 frilled lizards
  3 rats
371 creatures vanquished.

Vanquished Creatures (others)
  A kobold (D:9)
1 creature vanquished.

Grand Total: 372 creatures vanquished

Notes
Turn   | Place    | Note
-------+----------+-------------------------------------------
     0 | D:1      | Curundu the Minotaur Berserker began the quest for the Orb.
     0 | D:1      | Reached XP level 1. HP: 19/19 MP: 0/0
   221 | D:1      | Reached XP level 2. HP: 27/27 MP: 1/1
   302 | D:1      | Reached skill level 4 in Axes
   952 | D:2      | Reached XP level 3. HP: 31/33 MP: 2/2
  1145 | D:2      | Reached ** piety under Trog
  1482 | D:2      | Reached XP level 4. HP: 34/41 MP: 3/3
  1660 | D:3      | Identified the ring of Qouce {rCorr MP+9 Str+3 Dex+3}
  1769 | D:3      | Reached skill level 5 in Axes
  1971 | D:3      | Noticed a kobold brigand
  1972 | D:3      | Noticed a kobold brigand
  1986 | D:3      | Killed a kobold brigand
  1986 | D:3      | Killed a kobold brigand
  1987 | D:3      | Reached skill level 6 in Axes
  1987 | D:3      | Reached XP level 5. HP: 11/47 MP: 4/4
  2021 | D:3      | Reached XP level 6. HP: 23/55 MP: 5/5
  2198 | D:3      | Noticed Robin
  2213 | D:3      | Reached *** piety under Trog
  2221 | D:3      | Killed Robin
  2231 | D:3      | Found an opulent altar of Gozag.
  2308 | D:3      | Noticed Ijyb
  2324 | D:3      | Killed Ijyb
  2940 | D:4      | Reached skill level 5 in Fighting
  3006 | D:4      | Reached skill level 7 in Axes
  3098 | D:4      | Found a staircase to the Ecumenical Temple.
  3460 | D:5      | Entered Level 5 of the Dungeon
  3477 | D:5      | Reached XP level 7. HP: 52/61 MP: 6/6
  3505 | D:5      | Reached skill level 1 in Stealth
  3510 | D:5      | Reached skill level 8 in Axes
  3510 | D:5      | Reached skill level 5 in Armour
  3726 | D:5      | Reached **** piety under Trog
  3741 | D:5      | Reached XP level 8. HP: 41/70 MP: 7/7
  4140 | D:6      | Found a glowing drain.
  4158 | Sewer    | Entered a sewer
  4969 | D:6      | Found a hazy altar of Hepliaklqana.
  4979 | D:6      | Reached skill level 9 in Axes
  5027 | D:6      | Found an ornate altar of the Wu Jian Council.
  5376 | D:6      | Noticed Menkaure
  5384 | D:6      | Killed Menkaure
  5717 | D:7      | Identified 2 scrolls of acquirement
  5717 | D:7      | Acquired the +5 plate armour "Biughoim" {-Tele rElec Will-
                  | Regen+}
  5789 | D:7      | Reached XP level 9. HP: 60/79 MP: 8/8
  5937 | D:7      | Reached skill level 10 in Axes
  5977 | D:7      | Found Soaduz's Armour Boutique.
  6133 | D:7      | Acquired 936 gold pieces
  6847 | D:8      | Reached skill level 11 in Axes
  6890 | D:8      | Found an ancient bone altar of Kikubaaqudgha.
  6976 | D:8      | Noticed a manticore
  6984 | D:8      | Killed a manticore
  6990 | D:8      | Noticed a boulder beetle
  7010 | D:8      | Noticed a two-headed ogre
  7010 | D:8      | Noticed a tengu warrior
  7013 | D:8      | Identified the +7 quarterstaff of Courage {flame, Int+3
                  | Dex+3}
  7017 | D:8      | Killed a tengu warrior
  7018 | D:8      | Reached skill level 12 in Axes
  7018 | D:8      | Reached XP level 10. HP: 90/90 MP: 9/9
  7023 | D:8      | Killed a two-headed ogre
  7061 | D:8      | Killed a boulder beetle
  7062 | D:8      | Reached skill level 10 in Armour
  7139 | D:8      | Identified the staff of Intuition {*Corrode Fly rElec rF+++
                  | rN+ Necro}
  7173 | D:8      | Reached skill level 1 in Evocations
  7356 | D:8      | Reached skill level 13 in Axes
  7590 | D:8      | Found a stormy altar of Qazlal.
  7592 | D:8      | Found a white marble altar of Elyvilon.
  7606 | D:8      | Found a glowing silver altar of Zin.
  7609 | D:8      | Found a shimmering altar of Xom.
  7873 | D:9      | Reached ***** piety under Trog
  7918 | D:9      | Identified the ring of Tipuheq {Will+ Str+5 Int+4 Slay+5}
  7996 | D:9      | Found a staircase to the Lair.
  8016 | D:9      | Reached XP level 11. HP: 69/99 MP: 10/10
  8017 | D:9      | Reached skill level 14 in Axes
  8084 | D:9      | Found a staircase to the Orcish Mines.
  8702 | D:10     | Entered Level 10 of the Dungeon
  8881 | D:10     | Reached skill level 10 in Fighting
  9025 | D:10     | Noticed a sun demon
  9032 | D:10     | HP: 6/148 [sun demon[a kobold demonologist] (17)]
  9546 | D:11     | Reached skill level 5 in Dodging
  9675 | D:11     | Found a sacrificial altar of Ru.
  9865 | D:11     | Identified the +2 dagger "Duzeit" {spect, ^Drain rC+++
                  | SInv}
  9896 | D:11     | Noticed a two-headed ogre
  9905 | D:11     | Killed a two-headed ogre
  9906 | D:11     | Reached skill level 15 in Axes
  9906 | D:11     | Reached skill level 1 in Shields
  9925 | D:11     | Noticed a two-headed ogre
  9931 | D:11     | Killed a two-headed ogre
  9939 | D:11     | Found Fenwuiq's General Store.
  9956 | D:11     | Bought a scroll of enchant weapon for 82 gold pieces
  9956 | D:11     | Bought a scroll of enchant armour for 82 gold pieces
 10014 | D:11     | You fall into a shaft and drop 1 floor!
 10370 | D:12     | Reached XP level 12. HP: 95/110 MP: 11/11
 10458 | D:12     | Received a gift from Trog
 10889 | D:13     | Noticed a centaur warrior
 10897 | D:13     | Killed a centaur warrior
 10898 | D:13     | Reached skill level 16 in Axes
 10936 | D:13     | Reached skill level 5 in Shields
 11096 | D:13     | Noticed Lodul
 11115 | D:13     | Killed Lodul
 11121 | D:13     | Reached skill level 1 in Throwing
 11243 | D:13     | Noticed a catoblepas
 11250 | D:13     | Killed a catoblepas
 11609 | D:14     | Identified the maw talisman of Limited Liability {rPois rC-
                  | rN+++ Will- SInv}
 11652 | D:14     | Found a gate to the Vaults.
 11652 | D:14     | Noticed a vault guard
 11652 | D:14     | Noticed a vault guard
 11652 | D:14     | Noticed a vault guard
 11652 | D:14     | Noticed a vault guard
 11652 | D:14     | Noticed a vault guard
 11652 | D:14     | Noticed a vault guard
 11653 | D:14     | Noticed a vault guard
 11653 | D:14     | Noticed a vault guard
 11660 | D:14     | Killed a vault guard
 11661 | D:14     | Reached XP level 13. HP: 119/119 MP: 12/12
 11663 | D:14     | Reached skill level 17 in Axes
 11959 | D:14     | Killed from afar by an efreet

Illustrated notes

Levels and vault maps discovered:
D:1:      lemuel_arrival_lava_pool, layout_basic
D:2:      minmay_evil_eye, layout_loops_ring, st_stairs_7
D:3:      cheibrodos_thug_alley, layout_loops_ring, grunt_gozag_breadcrumbs,
          chequers_serial_rivers_room_a, uniq_ijyb, uniq_robin
D:4:      layout_rooms, lemuel_temple_firewalk_b
D:5:      layout_rooms, hangedman_decor_points
D:6:      layout_rooms, nicolae_hepliaklqana_hazy_memory,
          nicolae_wu_jian_wuxing_cycle, portal_sewer_entry_b,
          serial_co_window_serial, co_window_of_opportunity_a,
          co_window_paths_a, co_window_paths_a, co_window_paths_a,
          co_window_of_opportunity_a, co_window_paths_a, co_window_paths_a,
          co_window_of_opportunity_a, co_window_paths_b,
          co_window_of_opportunity_b, co_window_2corner,
          co_window_of_opportunity_c, co_window_2corner, glass_columns_c,
          glass_columns_c, uniq_menkaure
D:7:      layout_basic, serial_shops, shop
D:8:      minmay_the_grid_octo_triangle [minmay_the_grid_octo_pinwheel,
          minmay_the_grid_octo_prize_ultimate_mussel_roller,
          minmay_the_grid_octo_checkered], layout_loops_ring,
          nicolae_overflow_macrodata_refinement, mainiacjoe_overflow_paths,
          minivault_11
D:9:      layout_small_grid, minmay_lair_entry_grove, david_orc_2,
          lemuel_flame_loot_1
D:10:     layout_loops_cross, corexii_checkpoint
D:11:     layout_roguey, serial_shops, nicolae_shop_getting_attention,
          special_room [special_room_bee], chequers_garden,
          nicolae_ru_sacrificial_ziggurat
D:12:     layout_cave_pools
D:13:     layout_roguey, uniq_lodul
D:14:     layout_roguey, erik_vaults_2, minmay_misc_feat_alley,
          serial_library_hellmonk_secret_room, grunt_ministairs_6

Skill      XL: |  1  2  3  4  5  6  7  8  9 10 11 12 13 |
---------------+----------------------------------------+-----
Fighting       | 4 5 7 8 9 11 12 13 | 13.5
Axes           | 4 6 7 8 9 12 13 15 16 17 | 17.4
Armour         | 3 4 5 7 9 10 12 13 | 13.4
Dodging        | 3 4 5 |  5.1
Stealth        | 1 2 |  2.1
Evocations     | 1 |  1.9
Shields        | 3 7 |  7.6
Throwing       | 1 |  1.2
Long Blades    | |  0.3

Action                     |  1- 3 |  4- 6 |  7- 9 | 10-12 | 13-15 || total
---------------------------+-------+-------+-------+-------+-------++-------
  Melee: Hand axe          |    89 |   107 |   329 |   141 |       ||   666
         Headbutt          |     8 |    14 |    62 |    89 |     6 ||   179
         Punch             |       |     1 |     3 |     1 |       ||     5
         War axe           |       |       |       |   166 |       ||   166
         Broad axe         |       |       |       |    72 |    18 ||    90
         Scimitar          |       |       |       |       |     8 ||     8
  Throw: Boomerang         |       |       |       |     3 |       ||     3
 Invoke: Berserk           |       |     1 |     2 |     3 |     1 ||     7
         Trog's Hand       |       |     3 |     3 |     2 |       ||     8
  Evoke: Wand              |       |       |       |     6 |       ||     6
    Use: Scroll            |       |       |    18 |    11 |       ||    29
   Stab: Sleeping          |     1 |       |       |       |       ||     1
         Distracted        |       |       |     1 |       |       ||     1
 Armour: Animal skin       |    23 |       |       |       |       ||    23
         Scale mail        |    41 |    77 |       |       |       ||   118
         Plate armour      |       |    26 |   353 |   371 |    41 ||   791
  Dodge: Dodged            |    74 |    64 |   189 |   159 |    14 ||   500
  Block: Kite shield       |       |       |       |    85 |    26 ||   111
